 Dungeon Crawl Stone Soup version 0.31.0-11-ge490571c62 (webtiles) character file.

Game seed: 12901113416058861712

288 booth the Shooter (level 6, 0/38 HPs)
             Began as a Kobold Hunter on Feb 6, 2024.
             Slain by an orc priest
             ... wielding a +0 trident
              (4 damage)
             ... on level 4 of the Dungeon on Feb 7, 2024.
             The game lasted 00:17:03 (3168 turns).

booth the Shooter (Kobold Hunter)                   Turns: 3168, Time: 00:17:03

Health: 0/38       AC:  3    Str:  8    XL:     6   Next: 57%
Magic:  6/6        EV: 16    Int: 11    God:
Gold:   91         SH:  0    Dex: 20    Spells: 5/5 levels left

rFire   . . .        a - +0 shortbow
rCold   . . .        (shield currently unavailable)
rNeg    . . .        c - +0 leather armour
rPois   +            (no helmet)
rElec   .            (no cloak)
rCorr   .            (no gloves)
SInv    +            (no boots)
Will    .....        (no amulet)
Stlth   ++++         o - ring of see invisible
HPRegen 0.26/turn    r - ring of poison resistance
MPRegen 0.10/turn

%: no passive effects
@: no status effects
A: small, no large weapons, nightstalker 3
a: no special abilities


You were on level 4 of the Dungeon.
You visited 1 branch of the dungeon, and saw 4 of its levels.

You collected 91 gold pieces.

Inventory:

Hand Weapons
 a - a +0 shortbow (weapon)
Missiles
 d - 12 boomerangs
 k - 2 darts of dispersal
 m - 7 poisoned darts
Armour
 c - a +0 leather armour (worn)
 e - a +0 ring mail
Jewellery
 o - a ring of see invisible (left hand)
 r - a ring of poison resistance (right hand)
Scrolls
 b - a scroll of butterflies
 f - 5 scrolls of teleportation
 g - 3 scrolls of fog
 i - 3 scrolls of immolation
 n - a scroll of fear
 p - a scroll of enchant armour {unknown}
 q - a scroll of torment {unknown}
Potions
 h - 3 potions of heal wounds
 j - a potion of curing
 l - a potion of resistance {unknown}


   Skills:
 + Level 3.7 Fighting
 * Level 7.4 Ranged Weapons
 + Level 4.0 Dodging
 + Level 4.0 Stealth


You had 5 spell levels left.
You didn't know any spells.
Your spell library was empty.

Dungeon Overview and Level Annotations

Branches:
Dungeon (4/15)
 Temple: D:4-7

Altars:


Innate Abilities, Weirdness & Mutations

You are small and have problems with some larger weapons.
You are completely attuned to the shadows.


Message History

The arrow hits the quokka but does no damage.
The quokka bites you.
You shoot an arrow. The arrow hits the quokka.
The quokka is severely wounded.
The orc priest mumbles some strange prayers to Beogh against you.
Beogh smites you!
The quokka bites you but does no damage.
The orc priest misses you.
You are too injured to fight recklessly!
Fire: a) +0 shortbow
Press: ? - help, Q - select action, (/) - cycle Shift-Dir - straight line, f - orc priest, p - quokka
Aim: an orc priest, wielding a +0 trident and wearing a +0 leather armour (66% to hit)
You shoot an arrow. The arrow barely misses the orc priest.
The quokka twitches its whiskers.
The quokka misses you.
The orc priest hits you from afar with a +0 trident.
Fire: a) +0 shortbow
Press: ? - help, Q - select action, (/) - cycle Shift-Dir - straight line, f/p - orc priest
Aim: an orc priest, wielding a +0 trident and wearing a +0 leather armour (66% to hit)
You shoot an arrow.
The arrow hits the orc priest but does no damage.
The quokka bites you. The quokka barely misses you.
The orc priest hits you from afar with a +0 trident.
Fire: a) +0 shortbow
Press: ? - help, Q - select action, (/) - cycle Shift-Dir - straight line, f/p - orc priest
Aim: an orc priest, wielding a +0 trident and wearing a +0 leather armour (66% to hit)
You shoot an arrow.
The arrow closely misses the orc priest.
The quokka misses you.
The orc priest calls down the wrath of Beogh upon you.
Beogh smites you!
* * * LOW HITPOINT WARNING * * *
Fire: a) +0 shortbow
Press: ? - help, Q - select action, (/) - cycle Shift-Dir - straight line, f/p - orc priest
Aim: an orc priest, wielding a +0 trident and wearing a +0 leather armour (66% to hit)
You shoot an arrow.
The arrow hits the orc priest but does no damage.
The quokka misses you.
The orc priest hits you from afar with a +0 trident.
You die...

.....## ##
......## #..
.......## ###)..
........###.o.#
.....r...##.#
....@)..#(..#
..#.....##...#
......o.......o
....#...........
##.. #.##.......


You could see an orc priest and a quokka.

Vanquished Creatures
  A black bear (D:3)
  2 hounds
  An orc priest (D:2)
  4 adders
  A ribbon worm (D:2)
  7 orcs
  7 endoplasms
  6 goblins
  7 hobgoblins
  2 quokkas
  5 ball pythons
  4 bats
  4 frilled lizards
  5 kobolds
  2 rats
58 creatures vanquished.

Notes
Turn   | Place    | Note
-------+----------+-------------------------------------------
     0 | D:1      | booth the Kobold Hunter began the quest for the Orb.
     0 | D:1      | Reached XP level 1. HP: 12/12 MP: 1/1
   367 | D:1      | Reached XP level 2. HP: 18/18 MP: 2/2
   525 | D:1      | Found a faded altar of an unknown god.
  1118 | D:2      | Reached XP level 3. HP: 22/22 MP: 3/3
  1246 | D:2      | Reached skill level 6 in Ranged Weapons
  1272 | D:2      | Reached XP level 4. HP: 27/27 MP: 4/4
  1299 | D:2      | HP: 1/27 [orc/+0 war axe (10)]
  1615 | D:2      | Reached XP level 5. HP: 28/32 MP: 5/5
  2266 | D:3      | Noticed a black bear
  2285 | D:3      | Killed a black bear
  2286 | D:3      | Reached skill level 7 in Ranged Weapons
  2286 | D:3      | Reached XP level 6. HP: 18/37 MP: 6/6
  3168 | D:4      | Slain by an orc priest

Illustrated notes

Levels and vault maps discovered:
D:1:      shiori_shiawase, layout_basic, ebering_ecumenical_altar_webs
D:2:      layout_basic, minmay_fractal_squares_gapless_5
D:3:      layout_basic, kennysheep_generic_room_10
D:4:      layout_cave_pools, grunt_dithmenos_smoke, kennysheep_mini,
          minmay_misc_feat_five, chequers_serial_rivers_room_a,
          kennysheep_generic_room_5

Skill      XL: |  1  2  3  4  5  6 |
---------------+-------------------+-----
Stealth        | 2 3 4 |  4.0
Ranged Weapons | 6 7 |  7.4
Dodging        | 3 4 |  4.0
Fighting       | 3 |  3.7

Action                     |  1- 3 |  4- 6 || total
---------------------------+-------+-------++-------
   Fire: Shortbow          |    70 |   114 ||   184
  Throw: Dart              |       |     3 ||     3
    Use: Scroll            |     4 |     3 ||     7
 Armour: Leather armour    |    20 |    41 ||    61
  Dodge: Dodged            |    42 |    67 ||   109
